 Dungeon Crawl Stone Soup version 0.28-a0-43-g560ac104fe (webtiles) character file.

Game seed: 6566671315773358968

147 Lekart the Skirmisher (level 5, 0/48 HPs)
             Began as a Draconian Chaos Knight on July 28, 2021.
             Was a Plaything of Xom.
             Slain by a cane toad (shapeshifter) (21 damage)
             ... on level 3 of the Dungeon.
             The game lasted 00:03:20 (2628 turns).

Lekart the Skirmisher (Draconian Chaos Knight)      Turns: 2628, Time: 00:03:21

Health: 0/48       AC:  5    Str: 16    XL:     5   Next: 8%
Magic:  5/5        EV: 12    Int: 12    God:    Xom [..*...]
Gold:   93         SH:  0    Dex: 10    Spells: 4/4 levels left

rFire   . . .      SeeInvis .   a - +0 falchion (chaos)
rCold   . . .      Faith    .   (no shield)
rNeg    . . .      Spirit   .   (armour unavailable)
rPois   .          Reflect  .   (helmet restricted)
rElec   .          Harm     .   (no cloak)
rCorr   .          Rampage  .   (no gloves)
Will    .....                   (no boots)
Stlth   +.........              h - amulet of the acrobat
HPRegen 0.16/turn               (no ring)
MPRegen 0.09/turn               (no ring)

@: lethally poisoned (0 -> -14)
A: AC +5, unfitting armour, cold-blooded
a: Renounce Religion


You were on level 3 of the Dungeon.
You worshipped Xom.
You were a toy of Xom.
You visited 1 branch of the dungeon, and saw 4 of its levels.

You collected 93 gold pieces.

Inventory:

Hand Weapons
 a - a +0 falchion of chaos (weapon)
Missiles
 e - a throwing net (quivered)
Jewellery
 h - an amulet of the acrobat (around neck)
Scrolls
 j - 2 scrolls of enchant armour
Potions
 b - 2 potions of flight
 c - a potion of lignification {unknown}
 d - a potion of attraction {unknown}
 f - 2 potions of brilliance {unknown}
 g - 2 potions of curing {unknown}
 i - a potion of degeneration {unknown}


   Skills:
 * Level 5.0 Fighting
 + Level 4.2 Long Blades
 + Level 2.8 Dodging


You had 4 spell levels left.
You didn't know any spells.
Your spell library was empty.

Dungeon Overview and Level Annotations

Branches:
Dungeon (4/15)
 Temple: D:4-7

Altars:

Annotations:
D:1 exclusion: 2 downstairs


Innate Abilities, Weirdness & Mutations

Your plain brown scales are hard. (AC +5)
You cannot fit into any form of body armour.
You are cold-blooded and may be slowed by cold attacks.


Message History

No target in view!
Done exploring.
No target in view!
Done exploring.
No target in view!
Done exploring.
(D) Dungeon
Where to? (Enter - D:2, ? - help)
There is a stone staircase leading down here.
You climb downwards.
There is a stone staircase leading up here.
No target in view!
An adder comes into view.
The adder hisses angrily.
An adder is nearby!
An adder is nearby!
The adder completely misses you. x2
You barely miss the adder.
Your tail-slap misses the adder.
The adder bites you.
An adder is nearby!
An adder is nearby!
You barely miss the adder.
Your tail-slap misses the adder.
The adder bites you. The adder barely misses you.
An adder is nearby!
You slash the adder!
The adder changes into a shapeshifter!
The shapeshifter is almost dead.
The shapeshifter changes into a cane toad!
A cane toad is nearby!
You barely miss the cane toad.
The cane toad is severely wounded.
The cane toad stings you!!
You are poisoned.
The cane toad poisons you!
A cane toad is nearby!
You barely miss the cane toad.
The cane toad is severely wounded.
You feel very sick. The cane toad stings you!!
You die...
Xom cackles wildly!

#..# ....# .##
#...##... #
##........
#.####.......#
###.............
......F.....# #
#...@....#.#
#.####.....#
#<......#
###..#..# #..#
.# #..# # #..#
#... #..#.


You could see a cane toad shaped shifter.

Vanquished Creatures
  7 gnolls
  2 adders (D:1)
  A worm (D:2)
  2 dart slugs (D:1)
  4 endoplasms
  4 giant cockroaches
  5 goblins
  3 hobgoblins (D:1)
  7 jackals
  3 quokkas
  3 ball pythons
  4 bats
  4 frilled lizards (D:1)
  3 kobolds
  6 rats
58 creatures vanquished.

Notes
Turn   | Place    | Note
-------+----------+-------------------------------------------
     0 | D:1      | Lekart the Draconian Chaos Knight began the quest for the
                  | Orb.
     0 | D:1      | Reached XP level 1. HP: 19/19 MP: 1/1
    36 | D:1      | Reached XP level 2. HP: 4/27 MP: 2/2
   614 | D:1      | Found a faded altar of an unknown god.
   614 | D:1      | XOM: 3-stop teleportation journey
   687 | D:1      | Reached skill level 4 in Fighting
   694 | D:1      | Reached XP level 3. HP: 27/33 MP: 3/3
   977 | D:1      | XOM: noise
  1540 | D:2      | Reached XP level 4. HP: 35/41 MP: 4/4
  1629 | D:2      | XOM: noise
  1632 | D:2      | You fall into a shaft and drop 2 floors!
  1880 | D:2      | XOM: 2-stop teleportation journey
  1994 | D:2      | XOM: noise
  2338 | D:2      | Reached skill level 5 in Fighting
  2338 | D:2      | Reached XP level 5. HP: 26/48 MP: 5/5
  2598 | D:2      | XOM: divination: detect creatures
  2626 | D:3      | Noticed a shapeshifter
  2626 | D:3      | an adder changed into a shapeshifter
  2626 | D:3      | Noticed a cane toad
  2626 | D:3      | a shapeshifter changed into a cane toad
  2628 | D:3      | Slain by a cane toad (shapeshifter)

Illustrated notes

Levels and vault maps discovered:
D:1:      lightli_arrival_lavapool, layout_basic,
          shapermc_ecumenical_altar_petra, supply_closet_lemuel,
          chequers_serial_rivers_micro_a, amcnicky_mini_rare_corridor_liquid
D:2:      layout_loops_cross, kennysheep_generic_room_14
D:3:      minmay_general_purpose_star, layout_basic, kennysheep_generic_room_11
D:4:      layout_layer_cave, temple_pool_b, serial_shops, shop_fountains

Skill      XL: |  1  2  3  4 |
---------------+-------------+-----
Fighting       | 4 5 |  5.0
Long Blades    | 4 |  4.2
Dodging        | |  2.8

Action                   |  1- 3 |  4- 6 || total
-------------------------+-------+-------++-------
Melee: Falchion          |    72 |   100 ||   172
       Tailslap          |    11 |    10 ||    21
  Use: Scroll            |       |     3 ||     3
Armor: Skin              |    29 |    41 ||    70
Dodge: Dodged            |    48 |    67 ||   115
       Rpst.: Falchion   |    11 |    16 ||    27

Table legend: (Time is in decaauts)
 A = Elapsed time spent in this place.
 B = Non-inter-level travel time spent in this place.
 C = Inter-level travel time spent in this place.
 D = Time resting spent in this place.
 E = Time spent auto-exploring this place.
 F = Levels seen in this place.
 G = Mean time per level.
                   A        B        C        D        E       F      G
               +--------+--------+--------+--------+--------+-----+--------+
         Total |   2653 |   2547 |    106 |    511 |   1605 |   4 |  663.2 |
       Dungeon |   2653 |   2547 |    106 |    511 |   1605 |   4 |  663.2 |
               +--------+--------+--------+--------+--------+-----+--------+

Top non-repeatable levels by time:
     D:1: 1533 daAuts
     D:2: 1041 daAuts
     D:3: 42 daAuts
     D:4: 37 daAuts
